 Dungeon Crawl Stone Soup version 0.24-a0-528-g98e85ec (webtiles) character file.

Game seed: 3133876427329289345

76 technought the Skirmisher (level 4, -3/41 HPs)
             Began as a Hill Orc Fighter on Aug 6, 2019.
             Killed from afar by a kobold (30 damage)
             ... with an exploding inner flame
             ... hexed by the player character
             ... on level 2 of the Dungeon.
             The game lasted 00:03:15 (1205 turns).

technought the Skirmisher (Hill Orc Fighter)        Turns: 1205, Time: 00:03:16

Health: -3/41      AC:  8    Str: 18 (19) XL:     4   Next: 32%
Magic:  4/4        EV:  7    Int:  5 (8)  God:
Gold:   72         SH:  9    Dex:  9 (10) Spells: 3/3 levels left

rFire    . . .     SeeInvis .   a - +1 war axe
rCold    + . .     Gourm    .   c - +0 shield
rNeg     . . .     Faith    .   b - +0 scale mail
rPois    +         Spirit   .   (no helmet)
rElec    .         Reflect  .   e - +0 cloak
rCorr    .         Harm     .   (no gloves)
MR       .....                  (no boots)
Stlth    ..........             (no amulet)
HPRegen  0.53/turn              j - ring of poison resistance
MPRegen  0.09/turn              (no ring)

@: very slightly contaminated
A: cold resistance 1, regeneration 1, no potion heal 1
a: no special abilities


You were on level 2 of the Dungeon.
You were not hungry.

You visited 1 branch of the dungeon, and saw 2 of its levels.

You collected 72 gold pieces.

Inventory:

Hand Weapons
 a - a +1 war axe (weapon)
Armour
 b - a +0 scale mail (worn)
 c - a +0 shield (worn)
 e - a +0 cloak (worn)
Jewellery
 j - a ring of poison resistance (left hand)
Potions
 d - a potion of magic
 i - 2 potions of curing
Comestibles
 f - 5 rations
 m - a chunk of flesh


   Skills:
 + Level 4.3 Fighting
 + Level 3.6 Axes
 + Level 4.0 Armour
 + Level 3.9 Shields


You had 3 spell levels left.
You didn't know any spells.
Your spell library was empty.

Dungeon Overview and Level Annotations

Branches:
Dungeon (2/15)

Altars:
Zin


Innate Abilities, Weirdness & Mutations

Your flesh is cold resistant. (rC+)
Your natural rate of healing is unusually fast.
Potions are less effective at restoring your health.


Message History

It is a scroll of enchant weapon.
Your +0 war axe glows red for a moment.
Blink to where?
Press: ? - help, Dir - move target cursor You are very lightly contaminated with residual magic.
As you read the scroll labeled ATZISOE FOUHELL, it crumbles to dust.
It was a scroll of blinking.
A kobold comes into view. It is wielding a +0 dagger.
The kobold shouts!
As you read the scroll labeled NOZUWK HOHEX, it crumbles to dust.
The creatures around you are filled with an inner flame!
It was a scroll of immolation.
The kobold hits you but does no damage.
You closely miss the kobold. The kobold hits you but does no damage.
You block the kobold's attack.
You hit the kobold.
The kobold explodes!
The fiery explosion engulfs you!!
Ouch! That really hurt!
You die...

###.######################.##....
# #<# #.##.... # #.# ########
#.##.... #.#####......##+
#<....). #.#.##.......#.#
####.... #...').......#.# #....
###..(().......#§# #....
....#()).....#'#§# ####....
#.....##.....#.#@# #.......
#....####....#.#.# #......#
......#########.## #......#
.......# ######## #......#
#####..###.#.#############......#
# #......#...................## #
##.###.#.###.......#.######## #
#.# #.#.#.....#####.#....... #
#.# #.#.............##.#####


There were no monsters in sight!

Vanquished Creatures
  A gnoll (D:1)
  An adder (D:2)
  A worm (D:2)
  2 dart slugs (D:1)
  2 ball pythons
  4 giant cockroaches
  4 goblins
  2 hobgoblins (D:1)
  15 kobolds
  2 quokkas (D:2)
  8 bats
  4 frilled lizards
  7 rats
53 creatures vanquished.

Vanquished Creatures (others)
  10 toadstools (D:2)
10 creatures vanquished.

Grand Total: 63 creatures vanquished

Notes
Turn   | Place    | Note
-------+----------+-------------------------------------------
     0 | D:1      | technought the Hill Orc Fighter began the quest for the
                  | Orb.
     0 | D:1      | Reached XP level 1. HP: 19/19 MP: 1/1
    39 | D:1      | Reached XP level 2. HP: 17/27 MP: 2/2
   159 | D:1      | Reached XP level 3. HP: 6/33 MP: 3/3
   847 | D:2      | Found a glowing silver altar of Zin.
  1077 | D:2      | Reached XP level 4. HP: 24/40 MP: 4/4
  1187 | D:2      | Gained mutation: Potions are less effective at restoring
                  | your health. [potion of mutation]
  1187 | D:2      | Gained mutation: Your flesh is cold resistant. (rC+)
                  | [potion of mutation]
  1187 | D:2      | Gained mutation: Your natural rate of healing is unusually
                  | fast. [potion of mutation]
  1205 | D:2      | Killed from afar by a kobold

Levels and vault maps discovered:
D:1:      dpeg_arrival_shelter, layout_loops_ring,
          minmay_misc_feat_more_columns, minmay_misc_feat_secret_circle,
          grunt_decor_fettered
D:2:      cheibrodos_fertilizer, layout_basic, zin_academy,
          lightli_temple_of_fire

Skill      XL: |  1  2  3 |
---------------+----------+-----
Axes           | 3 |  3.6
Fighting       | 4 |  4.3
Armour         | 4 |  4.0
Shields        | |  3.9

Action                   |  1- 3 |  4- 6 || total
-------------------------+-------+-------++-------
Melee: War axe           |   118 |    17 ||   135
  Use: Potion            |     3 |     2 ||     5
       Scroll            |     1 |     3 ||     4
  Eat: Chunk             |       |     1 ||     1
Armor: Scale mail        |    63 |    14 ||    77
Dodge: Dodged            |    44 |     5 ||    49
Block: Shield            |    78 |    17 ||    95

Table legend:
 A = Non-vault XP
 B = Vault XP
 C = Vault XP percentage of total XP
 D = Non-vault monster count
 E = Vault monster count
 F = Vault count percentage of total count
                 A         B        C        D         E       F
            +---------+---------+-------+---------+---------+-------
      Total |     100 |       9 |   8.3 |      46 |       7 |  13.2
            +---------+---------+-------+---------+---------+-------
        D:1 |      64 |       0 |   0.0 |      32 |       0 |   0.0
        D:2 |      36 |       9 |  20.0 |      14 |       7 |  33.3
            +---------+---------+-------+---------+---------+-------
